 Dungeon Crawl Stone Soup version 0.17-a0-125-g34d91a1 (webtiles) character file.

224 Grim the Cudgeler (level 6, 0/42 HPs)
             Began as an Octopode Chaos Knight on Mar 23, 2015.
             Slain by a gnoll (8 damage)
             ... on level 4 of the Dungeon.
             The game lasted 00:10:39 (4364 turns).

Grim the Cudgeler (Octopode Chaos Knight)           Turns: 4364, Time: 00:10:39

Health: 0/42       AC:  1    Str: 13      XL:     6   Next: 0%
Magic:  6/6        EV: 12    Int: 16      God:    Xom [.....*]
Gold:   164        SH:  0    Dex:  9 (12) Spells: 0 memorised, 5 levels left

rFire  . . .     SeeInvis .     a - +0 mace (chaos)
rCold  . . .     Clarity  .     (no shield)
rNeg   . . .     SustAb   .     (helmet restricted)
rPois  +         Gourm    .     f - amulet of faith
rElec  .         Spirit   .     b - ring of stealth
rCorr  .         Warding  .     (no ring)
rMut   .         Stasis   .     (no ring)
MR     .....                    (no ring)
Stlth  +++.......               (no ring)
                                (no ring)
                                (no ring)
                                (no ring)

@: not resistant to hostile enchantments, fairly stealthy
A: almost no armour, amphibious, 8 rings, constrict 8, camouflage 1, blink 2,
clever 1, poison resistance, wild magic 1, gelatinous body 1, forlorn
a: Blink, Renounce Religion


You were on level 4 of the Dungeon.
You worshipped Xom.
You were Xom's teddy bear.
You were not hungry.

You visited 1 branch of the dungeon, and saw 4 of its levels.

You collected 164 gold pieces.

Inventory:

Hand weapons
 a - a +0 mace of chaos (weapon)
Missiles
 l - 3 javelins of penetration (quivered)
Jewellery
 b - a ring of stealth (left tentacle)
 f - an amulet of faith (around mantle)
 k - a cursed ring of stealth
Scrolls
 c - a scroll of fear {unknown}
 d - 5 scrolls of remove curse {unknown}
 e - 2 scrolls of teleportation {unknown}
 g - a scroll of random uselessness {unknown}
 h - 2 scrolls of magic mapping {unknown}
 o - a scroll of enchant weapon {unknown}
 p - 3 scrolls of identify {unknown}
 r - 2 scrolls of blinking {unknown}
Potions
 n - a potion of restore abilities {unknown}
Books
 m - a Fen Folio

   Spells                             Type                      Level
   a - Corpse Rot                     Necromancy                   2
   b - Stone Arrow                    Conjuration/Earth            3
   c - Leda's Liquefaction            Hexes/Earth                  4
   d - Summon Forest                  Summoning/Translocation      5
   e - Hydra Form                     Transmutation                6
   f - Summon Hydra                   Summoning                    7
Comestibles
 i - 2 bread rations
 j - 3 meat rations
 q - 2 beef jerkies


   Skills:
 + Level 3.6 Fighting
 + Level 6.1 Maces & Flails
 - Level 2.3 Dodging


You had 5 spell levels left.
You didn't know any spells.

Dungeon Overview and Level Annotations

Branches:
Dungeon (4/15)
 Temple: D:4-7

Altars:
Dithmenos
Fedhas
Trog


Innate Abilities, Weirdness & Mutations

You cannot wear most types of armour.
You are amphibious.
You can wear up to eight rings at the same time.
You can use your tentacles to constrict many enemies at once.
Your skin changes colour to match your surroundings (Stealth).
Your rubbery body absorbs attacks (AC +1).
You are good at translocating small distances at will.
Your mind is acute. (Int +2)
Your system is resistant to poisons.
Your spells are a little harder to cast, but a little more powerful.
You have difficulty communicating with the divine.


Message History

The gnoll hits you!
* * * LOW HITPOINT WARNING * * *
The gnoll closely misses you. The gnoll barely misses you. The gnoll hits you.
* * * LOW HITPOINT WARNING * * *
You barely miss the gnoll. Your grab misses the gnoll.
The gnoll is moderately wounded.
The gnoll completely misses you. The gnoll hits you!
* * * LOW HITPOINT WARNING * * *
The gnoll hits you from afar with a halberd.
* * * LOW HITPOINT WARNING * * *
The gnoll barely misses you. The gnoll hits you.
* * * LOW HITPOINT WARNING * * *
You hit the gnoll.
The gnoll looks slightly unstable.
Your grab misses the gnoll. You squeeze the gnoll!
The gnoll is severely wounded.
The gnoll hits you.
* * * LOW HITPOINT WARNING * * *
The gnoll hits you!
You die...

#.........#.#.. ###
#.........#.... #..
###......##.#.. #.#
##.##.#.##.#.# ##<##
#............. ...
#..####.##.... #.#
###..####.##.#.#
#g#####.........##.#..
#..gg@..#.##.......##.
#########.......##.##.
##########.... #..[.
##.#. #.## #.. ###


You could see 3 gnolls.

Vanquished Creatures
  An iguana (D:4)
  A worker ant (D:4)
  Robin (D:2)
  5 adders
  2 worms
  3 giant geckos
  2 oozes (D:3)
  2 orcs
  A ball python (D:4)
  3 bats
  2 giant cockroaches (D:4)
  16 goblins
  10 hobgoblins
  5 jackals (D:2)
  5 giant newts
  9 kobolds
  10 rats
78 creatures vanquished.

Vanquished Creatures (others)
  A worker ant (D:4)
1 creature vanquished.

Grand Total: 79 creatures vanquished

Notes
Turn   | Place    | Note
--------------------------------------------------------------
     0 | D:1      | Grim, the Octopode Chaos Knight, began the quest for the Orb.
     0 | D:1      | Reached XP level 1. HP: 16/16 MP: 1/1
   368 | D:1      | XOM: silly message
   477 | D:1      | Reached XP level 2. HP: 21/21 MP: 2/2
   488 | D:1      | XOM is BORED!
   488 | D:1      | XOM: silly message
   871 | D:1      | XOM: divination: detect creatures
  1095 | D:2      | XOM: harmless Air miscast
  1096 | D:2      | Reached skill level 4 in Maces & Flails
  1106 | D:2      | Reached XP level 3. HP: 13/26 MP: 3/3
  1213 | D:2      | XOM: harmless Necr miscast
  1436 | D:2      | XOM: harmless Summ miscast
  1729 | D:2      | XOM is BORED!
  1729 | D:2      | XOM: mild Summ miscast
  1938 | D:2      | XOM: silly message
  1948 | D:2      | Noticed Robin
  1964 | D:2      | Reached XP level 4. HP: 23/31 MP: 4/4
  1964 | D:2      | XOM: silly message
  1977 | D:2      | Killed Robin
  1977 | D:2      | Reached skill level 5 in Maces & Flails
  2399 | D:2      | Found a bloodstained altar of Trog.
  2477 | D:3      | Gained mutation: You have an increased reservoir of magic (+10% MP). [potion of mutation]
  2477 | D:3      | Lost mutation: You have an increased reservoir of magic (+10% MP). [potion of mutation]
  2477 | D:3      | Gained mutation: You have difficulty communicating with the divine. [potion of mutation]
  2808 | D:3      | Found a blossoming altar of Fedhas.
  2885 | D:3      | Found a shadowy altar of Dithmenos.
  2932 | D:3      | XOM: divination: detect creatures
  3081 | D:3      | XOM: god gift: 3 javelins of penetration
  3268 | D:3      | Reached XP level 5. HP: 36/36 MP: 5/5
  3573 | D:4      | HP: 1/36 [iguana (9)]
  3876 | D:4      | XOM: give mutations
  3876 | D:4      | Gained mutation: Your mind is acute. (Int +2) [Xom's grace]
  3876 | D:4      | Gained mutation: Your spells are a little harder to cast, but a little more powerful. [Xom's grace]
  3977 | D:4      | XOM: give mutations
  3977 | D:4      | Gained mutation: You can translocate small distances at will. [Xom's grace]
  3977 | D:4      | Gained mutation: Your system is resistant to poisons. [Xom's grace]
  3977 | D:4      | Gained mutation: You are good at translocating small distances at will. [Xom's grace]
  4175 | D:4      | Reached skill level 6 in Maces & Flails
  4271 | D:4      | Reached XP level 6. HP: 32/42 MP: 6/6
  4326 | D:4      | XOM: 3-stop teleportation journey
  4364 | D:4      | Slain by a gnoll

Action                   |  1- 3 |  4- 6 || total
-------------------------+-------+-------++-------
Melee: Mace              |    54 |   100 ||   154
  Use: Potion            |       |     6 ||     6
 Stab: Sleeping          |     4 |     8 ||    12
       Paralysed         |     1 |       ||     1
       Invisible         |       |     1 ||     1
  Eat: Chunk             |     2 |       ||     2
       Bread ration      |     1 |       ||     1
       Meat ration       |       |     1 ||     1
